AoeStats
← Outlaw

Socotra

504073491Analyzed
2v2 RM · 29d ago on Sep 3, 2026· 52m 35s· 4 players
Game mode
Random Map
Map size
Tiny (2 player)
Population
200
Speed
Normal
Resources
Standard
Victory
Conquest
Starting age
Dark Age
Ending age
Imperial Age
RankedLock teamsTeams togetherTeam positionsShared explorationLock speedFull tech treeHidden civsTurbo modeCheats
Victory
Defeat
🇨🇦 Romans · Canada
726
+12
🇨🇦 Cumans · Canada
694
+14
🇿🇦 Cumans · South Africa
653
-13
🇿🇦 Persians · South Africa
635
-13
Outlaw
9:10 Feudal Age
11:27 Man-at-Arms
12:11 Double-Bit Axe
12:10 Horse Collar
22:41 Castle Age
22:52 Scale Barding Armor
22:59 Forging
26:46 Bloodlines
27:01 Bow Saw
28:21 Wheelbarrow
29:13 Husbandry
36:49 Imperial Age
35:44 Iron Casting
37:37 Onager
43:36 Capped Ram
49:38 Cavalier
Dkiller8653
9:26 Feudal Age
11:12 Double-Bit Axe
12:58 Wheelbarrow
15:40 Man-at-Arms
22:24 Gold Mining
28:06 Stone Mining
33:04 Castle Age
31:33 Padded Archer Armor
34:14 Capped Ram
37:54 Leather Archer Armor
37:29 Fletching
41:22 Squires
41:11 Pikeman
43:00 Bow Saw
52:15 Hand Cart
Casque Brillant
11:03 Feudal Age
11:33 Double-Bit Axe
11:54 Horse Collar
12:28 Man-at-Arms
16:29 Scale Mail Armor
16:41 Forging
27:12 Castle Age
28:14 Bow Saw
28:10 Heavy Plow
29:43 Elite Skirmisher
30:17 Fletching
30:27 Padded Archer Armor
30:44 Chain Mail Armor
31:04 Iron Casting
31:20 Long Swordsman
32:45 Pikeman
33:25 Squires
47:07 Imperial Age
45:24 Bodkin Arrow
45:44 Leather Archer Armor
47:05 Gold Mining
47:08 Stone Mining
48:13 Conscription
47:59 Onager
51:06 Blast Furnace
Seirios
0:26 Loom
19:56 Feudal Age
20:26 Double-Bit Axe
28:53 Arson
31:21 Fletching
31:33 Scale Mail Armor
36:45 Horse Collar
38:41 Bloodlines
Connection lost

Rejoining the realm…

Still unreachable

The connection could not be restored.

Session expired

The server has moved on; the page needs a fresh start.